AoeStats
← eyupfc

African Clearing

506936552Analyzed
4v4 RM · 16d ago on Sep 15, 2026· 41m 30s· 8 players
Game mode
Random Map
Map size
Large (8 player)
Population
200
Speed
Normal
Resources
Standard
Victory
Conquest
Starting age
Dark Age
Ending age
Imperial Age
RankedLock teamsTeams togetherTeam positionsShared explorationLock speedFull tech treeHidden civsTurbo modeCheats
Victory
Defeat
🇨🇴 Mongols · Colombia
1312
+11
🇨🇴 Huns · Colombia
1303
+12
🇧🇷 Berbers · Brazil
1259
+13
🇬🇹 Spanish · Guatemala
1251
+15
🇩🇪 Wei · Germany
1230
-14
🇹🇷 Mongols · Türkiye
1210
-13
🇹🇷 Saracens · Türkiye
1184
-12
🇹🇷 Spanish · Türkiye
1183
-12
AOE2.GG | NONO
3:55 Loom
3:59 Loom
14:34 Feudal Age
15:24 Double-Bit Axe
19:45 Castle Age
17:37 Horse Collar
23:20 Wheelbarrow
24:08 Padded Archer Armor
24:42 Fletching
29:59 Bow Saw
30:47 Ballistics
32:18 Bodkin Arrow
35:11 Leather Archer Armor
35:17 Gold Mining
35:17 Stone Mining
37:11 Thumb Ring
37:38 Hand Cart
38:07 Gold Shaft Mining
38:07 Stone Shaft Mining
38:11 Heavy Plow
38:14 Town Watch
43:49 Imperial Age
isik.cemil
7:07 Loom
14:07 Feudal Age
20:32 Castle Age
34:34 Gold Mining
KingMoonborn
8:12 Loom
11:02 Loom
13:21 Feudal Age
14:13 Double-Bit Axe
17:45 Horse Collar
23:45 Castle Age
27:32 Bow Saw
34:07 Wheelbarrow
33:31 Fletching
33:44 Padded Archer Armor
34:04 Bloodlines
35:22 Bodkin Arrow
36:01 Ballistics
eyupfc
3:43 Loom
14:52 Feudal Age
18:15 Castle Age
18:31 Double-Bit Axe
21:35 Bow Saw
23:20 Horse Collar
24:20 Wheelbarrow
23:31 Town Watch
28:53 Padded Archer Armor
28:44 Fletching
29:48 Heavy Plow
30:28 Leather Archer Armor
31:38 Husbandry
31:48 Bloodlines
32:08 Ballistics
31:45 Bodkin Arrow
32:35 Gold Mining
33:40 Stone Mining
39:40 Imperial Age
37:26 Murder Holes
[InFaa] Pacho
9:14 Loom
11:53 Feudal Age
12:50 Double-Bit Axe
21:50 Castle Age
20:07 Scale Barding Armor
20:09 Horse Collar
21:19 Bloodlines
21:54 Forging
27:03 Gold Mining
32:59 Stone Mining
37:04 Imperial Age
35:20 Wheelbarrow
34:42 Fletching
36:36 Chain Barding Armor
37:15 Husbandry
37:34 Cavalier
38:57 Plate Barding Armor
39:17 Bow Saw
42:07 Iron Casting
42:22 Hand Cart
42:05 Bodkin Arrow
Cherry wavessss
9:29 Loom
14:36 Feudal Age
20:34 Castle Age
19:07 Double-Bit Axe
25:39 Wheelbarrow
27:20 Forging
27:50 Scale Barding Armor
36:23 Imperial Age
36:47 Bloodlines
36:37 Husbandry
36:52 Padded Archer Armor
37:34 Husbandry
38:07 Conscription
37:09 Light Cavalry
37:56 Elite Conquistador
39:49 Hoardings
40:52 Leather Archer Armor
AmB
12:48 Feudal Age
16:34 Castle Age
14:34 Double-Bit Axe
16:05 Stone Mining
16:06 Gold Mining
17:10 Loom
20:14 Gold Shaft Mining
19:50 Bow Saw
19:46 Fletching
21:33 Bodkin Arrow
23:32 Wheelbarrow
24:13 Padded Archer Armor
28:19 Ballistics
28:41 Leather Archer Armor
29:29 Hand Cart
37:44 Husbandry
37:54 Bloodlines
41:38 Imperial Age
41:03 Horse Collar
CABRA_MACHO
4:02 Loom
14:36 Feudal Age
15:38 Double-Bit Axe
19:05 Castle Age
17:25 Horse Collar
20:36 Wheelbarrow
20:23 Bow Saw
22:30 Heavy Plow
27:49 Hand Cart
28:28 Town Watch
28:43 Light Cavalry
29:34 Bloodlines
29:24 Husbandry
31:46 Forging
31:42 Scale Barding Armor
35:09 Imperial Age
33:30 Gold Mining
33:30 Stone Mining
35:02 Iron Casting
34:47 Chain Barding Armor
35:28 Heavy Camel Rider
37:05 Maghrebi Camels
37:54 Plate Barding Armor
39:09 Hussar
Connection lost

Rejoining the realm…

Still unreachable

The connection could not be restored.

Session expired

The server has moved on; the page needs a fresh start.